 Dungeon Crawl Stone Soup version 0.26.1-11-gd32895ea62 (webtiles) character file.

Game seed: 15958055281495910284

9398 ABBCCCDDDD the Destroyer (level 11, -1/74 HPs)
             Began as an Octopode Ice Elementalist on July 20, 2021.
             Was a Believer of Ashenzari.
             Slain by an orc knight
             ... wielding a +0 great mace
              (29 damage)
             ... on level 1 of the Orcish Mines.
             The game lasted 01:02:19 (19697 turns).

ABBCCCDDDD the Destroyer (OpIE)                    Turns: 19697, Time: 01:02:19

Health: -1/74      AC:  8    Str:  8    XL:     11   Next: 45%
Magic:  0/15       EV: 21    Int: 20    God:    Ashenzari [**....]
Gold:   743        SH:  0    Dex: 13    Spells: 0/16 levels left

rFire    . . .     SeeInvis .   a - +1 flail (venom)
rCold    . . .     Faith    .   (no shield)
rNeg     . . .     Spirit   +   (helmet restricted)
rPois    .         Reflect  .   x - amulet of guardian spirit
rElec    .         Harm     .   N - +4 ring of evasion (curse)
rCorr    +         Rampage  .   O - ring of flight
Will     .....                  F - ring of resist corrosion
Stlth    ++++......             (no ring)
HPRegen  0.22/turn              (no ring)
MPRegen  0.14/turn              (no ring)
                                (no ring)
                                (no ring)

@: icy armour
A: almost no armour, stealthy swim, amphibious, 8 rings, constrict 8, camouflage
1, gelatinous body 1
a: Renounce Religion, Evoke Flight, Curse Item, Scrying


You were on level 1 of the Orcish Mines.
You worshipped Ashenzari.
Ashenzari was pleased with you.
You visited 3 branches of the dungeon, and saw 13 of its levels.
You also visited: Sewer and Ossuary.

You collected 834 gold pieces.
You spent 91 gold pieces at shops.

Inventory:

Hand Weapons
 a - a +1 flail of venom (weapon)
 b - a +0 vorpal hunting sling
 r - a +0 spear
 t - a +1 dagger of electrocution
 S - a +2 vampiric spear
Missiles
 d - 113 sling bullets
 f - 20 poisoned darts (quivered)
 p - 409 stones
 L - 4 silver javelins
Magical Staves
 z - an uncursed staff of poison
Jewellery
 x - an amulet of guardian spirit (around mantle)
 C - an uncursed amulet of reflection
 F - a ring of resist corrosion (on tentacle)
 N - a cursed +4 ring of evasion (left tentacle)
 O - a ring of flight (right tentacle)
Wands
 y - a wand of digging (1)
 B - a wand of iceblast (19)
 P - a wand of enslavement (6)
 Q - a wand of acid (2)
Scrolls
 g - 2 scrolls of enchant weapon
 h - a scroll of fear
 j - 9 scrolls of remove curse
 k - 5 scrolls of amnesia
 l - 4 scrolls of immolation
 m - 7 scrolls of teleportation
 q - 4 scrolls of blinking
 s - 3 scrolls of noise {unknown}
 u - 2 scrolls of fog {unknown}
 w - 2 scrolls of enchant armour {unknown}
 E - 2 scrolls of magic mapping {unknown}
 H - 6 scrolls of random uselessness {unknown}
 I - 2 scrolls of vulnerability {unknown}
 M - a scroll of brand weapon {unknown}
 T - 3 scrolls of identify
 U - a scroll of silence {unknown}
Potions
 c - 9 potions of curing
 e - 12 potions of lignification
 i - a potion of cancellation
 n - 7 potions of haste
 o - a potion of resistance
 v - 5 potions of brilliance
 A - 4 potions of flight
 D - 2 potions of berserk rage
 G - a potion of heal wounds
 J - 6 potions of degeneration {unknown}
 K - 2 potions of might
Miscellaneous
 R - a phantom mirror (inert)


   Skills:
 + Level 6.6 Fighting
 + Level 2.5 Maces & Flails
 - Level 5.0 Slings
 - Level 8.0 Dodging
 - Level 5.0 Stealth
 - Level 3.0 Spellcasting
 + Level 8.6 Conjurations
 - Level 2.0 Summonings
 - Level 8.0 Ice Magic
 + Level 2.7 Earth Magic
 - Level 5.0 Evocations


You couldn't memorise any spells.
You knew the following spells:

 Your Spells              Type           Power        Failure   Level
a - Freeze                Ice            100%         1%          1
b - Ozocubu's Armour      Ice            35%          1%          3
c - Frozen Ramparts       Ice            70%          1%          3
d - Summon Ice Beast      Ice/Summ       23%          19%         4
e - Searing Ray           Conj           74%          1%          2
f - Stone Arrow           Conj/Erth      50%          4%          3

Your spell library contained the following spells:

 Spells                   Type           Power        Failure   Level
 Magic Dart               Conj           100%         1%          1
 Shock                    Conj/Air       80%          2%          1
 Sandblast                Erth           28%          4%          1
 Hailstorm                Conj/Ice       36%          4%          4
 Dazzling Flash           Conj/Hex       40%          8%          3
 Static Discharge         Conj/Air       20%          8%          3
 Passwall                 Tmut/Erth      6%           12%         2
 Iskenderun's Battlesphe  Conj           37%          12%         5
 Mephitic Cloud           Conj/Pois/Air  14%          13%         3
 Animate Skeleton         Necr           6%           14%         1
 Beastly Appendage        Tmut           6%           14%         1
 Pain                     Necr           12%          14%         1
 Swiftness                Air            3%           22%         2
 Wereblood                Tmut           3%           22%         2
 Fulminant Prism          Conj/Hex       10%          24%         4
 Iskenderun's Mystic Bla  Conj/Tloc      20%          24%         4
 Ice Form                 Ice/Tmut       19%          26%         4
 Spider Form              Tmut/Pois      1%           38%         3
 Vampiric Draining        Necr           1%           38%         3
 Fireball                 Conj/Fire      10%          56%         5
 Lightning Bolt           Conj/Air       10%          56%         5
 Petrify                  Tmut/Erth      8%           63%         4
 Bolt of Magma            Conj/Fire/Erth 9%           63%         5
 Lee's Rapid Deconstruct  Erth           7%           77%         5
 Airstrike                Air            1%           80%         4
 Animate Dead             Necr           1%           80%         4
 Iron Shot                Conj/Erth      12%          91%         6
 Agony                    Necr           3%           98%         5
 Blade Hands              Tmut           1%           98%         5
 Orb of Destruction       Conj           18%          98%         7
 Spellforged Servitor     Conj/Summ      12%          100%        7


Dungeon Overview and Level Annotations

Branches:
Dungeon (11/15)            Temple (0/1) D:7            Lair (1/6) D:9
    Orc (1/2) D:9           Sewer (visited)         Ossuary (visited)

Altars:
Ashenzari
Cheibriados
Dithmenos
Fedhas
Gozag
Makhleb
Nemelex Xobeh
Okawaru
Qazlal
Ru
Vehumet
Wu Jian
Yredelemnul
Zin
The Shining One
Beogh

Shops:
D:8 !   D:9 =

Annotations:
D:5 Sigmund
D:6 1 transporter
D:8 exclusion: downstairs
D:9 exclusion: downstairs
D:10 3 runed translucent doors, exclusion: vampire, Domino's ghost, journeyman MiBe; Joseph; cykeltillsalu's ghost, journeyman OpEE; mandor's ghost, novice DDFi; nightchill's ghost, journeyman KoEn


Innate Abilities, Weirdness & Mutations

You cannot wear most types of armour.
You are very stealthy in the water. (Stealth+)
You are amphibious.
You can wear up to eight rings at the same time.
You can use your tentacles to constrict eight enemies at once.
Your skin changes colour to match your surroundings (Stealth+).
Your rubbery body absorbs attacks. (AC +1, EV +1)


Message History

The frozen ramparts melt away.
You constrict the orc knight, but do no damage.
The orc knight hits you with a +0 great mace!
You hit the orc knight but do no damage.
The orc knight looks as sick as possible!
The orc knight is severely wounded.
You constrict the orc knight, but do no damage.
The orc knight hits you with a +0 great mace.
You hit the orc knight but do no damage.
The orc knight looks as sick as possible!
The orc knight is almost dead.
You constrict the orc knight, but do no damage.
The orc warrior no longer looks unusually strong.
The orc knight hits you with a +0 great mace!
You hit the orc knight but do no damage.
The orc knight looks as sick as possible!
The orc knight is almost dead.
You constrict the orc knight.
The orc knight hits you with a +0 great mace!!
You die...

##..#.........Y.......
#...##.#...........###
##.#####...Y#......#
### ##..........#
##.#######.........#
#....#.##..........#
##......[..#.......#
###.#oo..####.##.##
#..@#.### ######
##..#### #....## ###
##.....# ##.##
##...#.##
##...###...#...####
##....##....#...#..##
#......##...#.......#
#.....##.....#.....##


You could see an orc knight (extremely poisoned) and an orc warrior.

Vanquished Creatures
  2 two-headed ogres
  2 trolls
  A wraith (D:11)
  12 yaks
  A wyvern (D:10)
  A warg (D:9)
  A water moccasin (D:7)
  2 sky beasts
  5 ice beasts
  6 orc warriors
  A black bear (D:10)
  6 ogres
  A phantom (D:5)
  7 centaurs
  2 big kobolds
  6 bullfrogs
  A gnoll sergeant (D:10)
  A water moccasin zombie (D:8)
  2 scorpions
  A water moccasin skeleton (D:4)
  9 killer bees (D:8)
  A crimson imp (D:4)
  A centaur zombie (Ossuary)
  2 jellies (D:6)
  A quasit (D:9)
  2 human zombies (Ossuary)
  A bullfrog zombie (D:5)
  6 hounds
  9 orc wizards
  4 orc priests
  A bullfrog skeleton (D:10)
  An iguana (D:9)
  Terence (D:2)
  3 centaur skeletons
  8 worker ants
  2 big kobold zombies (Ossuary)
  A hound zombie (D:8)
  2 hound skeletons
  3 mummies (Ossuary)
  3 gnolls (D:10)
  14 adders
  A river rat (Sewer)
  A shadow imp (D:7)
  2 white imps
  An ufetubus (D:10)
  2 oozes (D:3)
  4 worms
  9 leopard geckos
  40 orcs
  11 bats
  12 giant cockroaches
  10 goblins
  11 hobgoblins
  16 jackals
  3 quokkas
  2 ball pythons (Sewer)
  13 frilled lizards
  A goblin zombie (Ossuary)
  A hobgoblin zombie (Ossuary)
  A jackal skeleton (D:5)
  17 kobolds
  An orc zombie (Ossuary)
  2 quokka skeletons
  3 quokka zombies (D:6)
  25 rats
  A bush (D:3)
326 creatures vanquished.

Vanquished Creatures (collateral kills)
  4 yaks (Lair:1)
  An orc priest (D:6)
  A jelly (D:6)
  2 orcs (D:6)
8 creatures vanquished.

Grand Total: 334 creatures vanquished

Notes
Turn   | Place    | Note
-------+----------+-------------------------------------------
     0 | D:1      | ABBCCCDDDD the Octopode Ice Elementalist began the quest
                  | for the Orb.
     0 | D:1      | Reached XP level 1. HP: 11/11 MP: 3/3
   152 | D:1      | Reached skill level 1 in Fighting
   311 | D:1      | Reached XP level 2. HP: 18/18 MP: 3/5
   516 | D:1      | Reached XP level 3. HP: 22/24 MP: 0/6
   521 | D:1      | Learned a level 3 spell: Ozocubu's Armour
  1590 | D:2      | Reached XP level 4. HP: 31/31 MP: 1/7
  1686 | D:2      | Learned a level 3 spell: Frozen Ramparts
  2029 | D:2      | Found a snail-covered altar of Cheibriados.
  2273 | D:2      | Noticed Terence
  2328 | D:2      | Killed Terence
  2329 | D:2      | Reached XP level 5. HP: 27/36 MP: 4/8
  3586 | D:3      | Found a glowing golden altar of the Shining One.
  3792 | D:3      | Found an iron altar of Okawaru.
  4030 | D:3      | Found a blossoming altar of Fedhas.
  4559 | D:4      | Found a broken altar of Ashenzari.
  4571 | D:4      | Reached skill level 5 in Ice Magic
  4571 | D:4      | Reached XP level 6. HP: 30/43 MP: 10/10
  4673 | D:4      | Became a worshipper of Ashenzari the Shackled
  4698 | D:4      | Learned a level 4 spell: Summon Ice Beast
  4727 | D:4      | Found a glowing drain.
  4739 | Sewer    | Entered a sewer
  5267 | D:4      | Reached skill level 1 in Summonings
  5387 | D:4      | Reached XP level 7. HP: 27/48 MP: 7/11
  5665 | D:4      | Found an opulent altar of Gozag.
  5821 | D:4      | Found a radiant altar of Vehumet.
  5821 | D:4      | Found a burning altar of Makhleb.
  6030 | D:4      | Found a glowing silver altar of Zin.
  6156 | D:5      | Entered Level 5 of the Dungeon
  6548 | D:5      | Found a stormy altar of Qazlal.
  6854 | D:5      | Noticed Sigmund
  7355 | D:6      | Found a sand-covered staircase.
  7375 | Ossuary  | Entered an ossuary
  7540 | Ossuary  | Reached skill level 1 in Evocations
  7540 | Ossuary  | Reached XP level 8. HP: 34/54 MP: 7/12
  7830 | Ossuary  | Reached skill level 5 in Dodging
  8843 | D:6      | Noticed a raiju
  8845 | D:6      | Found a sparkling altar of Nemelex Xobeh.
  8845 | D:6      | Found a transporter.
  8856 | D:6      | Found a basalt altar of Yredelemnul.
  9109 | D:6      | Reached skill level 5 in Stealth
  9383 | D:6      | Reached skill level 5 in Fighting
  9528 | D:6      | Identified Warpho Nexo's Handbook of the Hurtful Arsonist
  9550 | D:6      | Noticed an elephant
  9596 | D:6      | Noticed a komodo dragon
 10009 | D:7      | Reached * piety under Ashenzari
 10278 | D:6      | Found a sacrificial altar of Ru.
 10575 | D:6      | Learned a level 2 spell: Searing Ray
 10649 | D:6      | Reached XP level 9. HP: 55/61 MP: 10/13
 10758 | D:6      | Reached skill level 1 in Slings
 10758 | D:6      | Reached skill level 1 in Conjurations
 11370 | D:7      | Found a staircase to the Ecumenical Temple.
 11450 | D:7      | Found an ornate altar of the Wu Jian Council.
 11502 | D:7      | Found a shadowy altar of Dithmenos.
 12299 | D:8      | Found Taroechu's Distillery.
 12302 | D:8      | Bought a potion of curing for 39 gold pieces
 12302 | D:8      | Bought a potion of might for 52 gold pieces
 13016 | D:9      | Found a staircase to the Lair.
 13057 | D:9      | Noticed a two-headed ogre
 13253 | D:9      | Killed a two-headed ogre
 13254 | D:9      | Reached skill level 5 in Evocations
 13254 | D:9      | Reached XP level 10. HP: 66/66 MP: 10/14
 13940 | D:9      | Found a staircase to the Orcish Mines.
 13972 | D:9      | Found a roughly hewn altar of Beogh.
 14231 | D:9      | Found Inuh's Jewellery Shop.
 14444 | D:10     | Entered Level 10 of the Dungeon
 14763 | Lair:1   | Entered Level 1 of the Lair of Beasts
 14946 | D:10     | Reached skill level 5 in Slings
 15033 | D:10     | Reached skill level 5 in Conjurations
 15210 | D:10     | Reached ** piety under Ashenzari
 15919 | D:10     | Found a glowing golden altar of the Shining One.
 16285 | D:10     | Reached XP level 11. HP: 64/72 MP: 12/15
 16633 | D:10     | Found a runed translucent gate.
 16633 | D:10     | Found a runed translucent gate.
 16635 | D:10     | Found a runed translucent gate.
 16636 | D:10     | Noticed Domino's ghost (journeyman MiBe)
 16637 | D:10     | Noticed nightchill's ghost (journeyman KoEn)
 16637 | D:10     | Noticed cykeltillsalu's ghost (journeyman OpEE)
 16637 | D:10     | Noticed mandor's ghost (novice DDFi)
 16656 | D:10     | Noticed Joseph
 16747 | D:10     | Learned a level 3 spell: Stone Arrow
 17678 | D:11     | Reached skill level 1 in Earth Magic
 17765 | D:11     | Noticed a two-headed ogre
 17778 | D:11     | Killed a two-headed ogre
 17779 | D:11     | Reached skill level 1 in Maces & Flails
 17938 | D:11     | Noticed a cyclops
 18051 | D:11     | Noticed a cyclops
 18596 | Orc:1    | Entered Level 1 of the Orcish Mines
 19142 | Orc:1    | Noticed an orc knight
 19697 | Orc:1    | Slain by an orc knight

Illustrated notes

Levels and vault maps discovered:
D:1:      dpeg_arrival_shrine, layout_rooms, palyth_stone_intersect,
          minivault_14, st_stairs_4, minmay_rat_gold_closets
D:2:      layout_loops_corners, lemuel_coloured_pillars_altar,
          chequers_arboretum, uniq_terence
D:3:      layout_rooms, fedhas_altar_4, overflow_temple_1_default,
          lemuel_crystal_altar, serial_forest, infiniplex_forest_lined_3,
          infiniplex_forest_lined_room_, infiniplex_forest_lined_room_2,
          infiniplex_forest_lined_3, infiniplex_forest_join,
          infiniplex_forest_straight_4, grunt_decor_junction
D:4:      layout_loops_ring, grunt_temple_overflow_lords_of_destruction,
          evilmike_ruin_ashenzari,
          pdpol_temple_overflow_zin_treasury_gozag_greed, portal_sewer_entry_d
D:5:      layout_basic, grunt_qazlal_clouds, uniq_sigmund
D:6:      layout_loops_ring, lemuel_doored_altar, kennysheep_mini,
          enter_ossuary_4, grunt_nemelex_the_gamble
D:7:      layout_basic, general_overflow_altar, temple_hall, basic_altar,
          abandoned_shop
D:8:      layout_loops_ring, serial_shops, nicolae_shop_behind_doors
D:9:      layout_cave_pools, lair_entry_dummy, minmay_orc_entry_temple_small,
          serial_shops, nicolae_shop_statue_plus, minmay_misc_feat_five,
          nicolae_wand_duel
D:10:     layout_gridville, gammafunk_ghost_cemetery, nzn_life_drinkers,
          uniq_joseph
D:11:     layout_roguey, minmay_door_square
Lair:1:   layout_cellular_growth, gauntlet_entry_generic, beast_lair_carwin_3,
          infiniplex_staircase_pool_2
Orc:1:    lemuel_ogre_cave, layout_caves

Skill      XL: |  1  2  3  4  5  6  7  8  9 10 11 |
---------------+----------------------------------+-----
Stealth        | 3 5 |  5.0
Fighting       | 1 2 3 4 5 6 |  6.6
Spellcasting   | 3 |  3.0
Ice Magic      | 5 6 8 |  8.0
Dodging        | 3 4 5 7 8 |  8.0
Summonings     | 1 2 |  2.0
Evocations     | 1 3 5 |  5.0
Slings         | 3 5 |  5.0
Conjurations   | 3 7 8 |  8.6
Earth Magic    | 2 |  2.7
Maces & Flails | 2 |  2.5

Action                   |  1- 3 |  4- 6 |  7- 9 | 10-12 || total
-------------------------+-------+-------+-------+-------++-------
Melee: Dagger            |    55 |    23 |       |       ||    78
       Constrict         |    13 |    21 |    47 |    34 ||   115
       Tentacles         |     4 |    23 |    42 |    55 ||   124
       Flail             |       |   120 |   243 |   287 ||   650
 Fire: Hunting sling     |       |       |    90 |    16 ||   106
Throw: Dart              |     6 |    26 |    19 |    84 ||   135
 Cast: Freeze            |    36 |    27 |       |       ||    63
       Ozocubu's Armour  |     1 |     9 |    15 |    33 ||    58
       Frozen Ramparts   |       |     3 |     7 |    14 ||    24
       Summon Ice Beast  |       |       |     9 |     2 ||    11
       Searing Ray       |       |       |     1 |     1 ||     2
       Stone Arrow       |       |       |       |    21 ||    21
Invok: Curse Item        |       |       |       |     1 ||     1
Evoke: Wand              |       |       |    14 |    13 ||    27
       Phantom mirror    |       |       |       |     1 ||     1
  Use: Scroll            |       |       |    13 |     1 ||    14
 Stab: Sleeping          |    12 |    15 |    19 |     2 ||    48
       Distracted        |       |     1 |     1 |       ||     2
Armor: Skin              |     8 |    14 |    34 |    27 ||    83
Dodge: Dodged            |    55 |    85 |   212 |   320 ||   672
